[Event "SixDays Budapest May IM 2023"]
[Site "Budapest"]
[Date "2023.06.01"]
[Round "9.1"]
[White "Tancsa, Tamas"]
[Black "Szeberenyi, Adam"]
[Result "1/2-1/2"]
[Annotator "TA"]
[ECO "B40"]
[WhiteElo "2188"]
[BlackElo "2338"]
[PlyCount "25"]
[EventDate "2023.05.25"]
[EventType "tourn"]
[EventCountry "HUN"]
[SourceTitle "playchess.com"]
[Source "ChessBase"]
[SourceQuality "1"]
[TimeControl "5400+30"]

1. e4 c5 2. Nf3 e6 3. d4 cxd4 4. Nxd4 Nf6 5. Nc3 Nc6 6. Ndb5 Bc5 7. Bf4 {[%emt 0:00:54] The main line 7.Bf4 scores better than 7.Nd6+.} (7. Nd6+ {feels hotter.} Ke7 8. Bf4 e5 9. Nf5+) 7... O-O {[%emt 0:00:15] B45: Sicilian Four Knights.} 8. Bc7 $1 Qe7 {[%emt 0:00:04] [#] ...d5 would be deadly.} 9. Bd6 $1 Bxd6 10. Qxd6 Qd8 11. Qg3 a6 (11... d5 $5 12. O-O-O a6 13. exd5 exd5 $11) 12. Nd6 {[%emt 0:02:02] [#]} Ne8 $146 ({Predecessor:} 12... b5 13. e5 Nh5 14. Qe3 b4 15. Na4 b3 16. axb3 Rb8 17. Be2 Nb4 18. O-O-O Qc7 19. Nc3 {1-0 Sidhant,M (2376)-Willow,J (2459) Reykjavik op 2023 (5)}) 13. Bd3 {[%emt 0:03:34] Weighted Error Value: White=0.07 (flawless) /Black=0.08 (flawless)} 1/2-1/2

[Event "SixDays Budapest May IM 2023"]
[Site "Budapest"]
[Date "2023.06.01"]
[Round "9.2"]
[White "Nemeth, Zalan"]
[Black "Semprun Martinez, Fernando"]
[Result "1/2-1/2"]
[Annotator "TA"]
[ECO "D90"]
[WhiteElo "2289"]
[BlackElo "2125"]
[PlyCount "95"]
[EventDate "2023.05.25"]
[EventType "tourn"]
[EventCountry "HUN"]
[SourceTitle "playchess.com"]
[Source "ChessBase"]
[SourceQuality "1"]
[TimeControl "5400+30"]

1. d4 Nf6 2. c4 g6 3. Nc3 d5 4. Nf3 Bg7 5. h4 O-O {[%emt 0:00:09] [#]} 6. h5 $1 {[%emt 0:03:03][%mdl 64] Deflection. D90: Grünfeld: 4 Nf3 Bg7 sidelines.} Nxh5 7. cxd5 c6 8. Qb3 (8. e4 $11) 8... cxd5 $15 {[%emt 0:01:09] [#]} 9. Qxd5 $146 ({Predecessor:} 9. Bg5 Nc6 10. e3 Be6 11. Qxb7 Rc8 12. Be2 Qd6 13. Qa6 Rb8 14. Nd2 Rb6 15. Qa3 {1-0 Aderito,P (2305)-Makoto,R Africa-ch Windhoek 2007 (1)}) 9... Qxd5 (9... Nc6 $1 $15) 10. Nxd5 $11 {[%emt 0:00:02] [#] Threatens to win with Nc7.} Nc6 11. Bg5 e6 12. Ne7+ Nxe7 13. Bxe7 Re8 14. Bg5 Nf6 15. e3 Nd7 16. Bb5 a6 17. Bxd7 Bxd7 18. Ne5 Bb5 {[%emt 0:04:13] Black is weak on the dark squares} 19. a4 Bc6 {[%emt 0:00:01] This pair of bishops is nice.} 20. O-O h6 {[%emt 0:04:20] Strongly threatening ...Bxe5.} 21. Nxc6 bxc6 22. Bf4 e5 23. dxe5 g5 24. Bg3 Bxe5 25. Bxe5 Rxe5 {[%emt 0:00:01][%mdl 4096] Endgame KRR-KRR} 26. Rac1 c5 27. Rfd1 Kg7 28. Rd6 Re4 29. b3 Rb4 30. Rxc5 Rxb3 31. Rcc6 Ra3 32. Rxa6 Rxa6 33. Rxa6 {[%emt 0:00:02] g4 would be deadly. KR-KR} Ra2 $2 (33... Ra1+ $11 {and Black has nothing to worry.} 34. Kh2 Ra2) 34. f3 $2 (34. g4 $18) 34... f5 35. Ra7+ Kg6 36. Ra6+ Kg7 37. a5 Ra3 38. e4 fxe4 39. fxe4 {[%emt 0:00:07] Hoping for Ra7+.} Re3 40. Re6 {[%emt 0:00:30] aiming for a6.} Kf7 (40... Ra3 $11) 41. Kf2 ({White should play} 41. Rxh6 $16 {a6 is the strong threat.} Rxe4 42. Kf2) 41... Ra3 $14 42. Rxh6 {[%emt 0:03:03] And now Ra6 would win.} Rxa5 43. Rd6 (43. Kf3 $14) 43... Ra3 $1 $11 {[%emt 0:03:00] The position is equal.} 44. Rd5 Kf6 45. Rf5+ Kg6 $1 46. Rf3 Ra2+ 47. Kg3 Re2 48. e5 {Weighted Error Value: White=0.14 (very precise) /Black=0.19 (very precise)} 1/2-1/2

[Event "SixDays Budapest May IM 2023"]
[Site "Budapest"]
[Date "2023.06.01"]
[Round "9.3"]
[White "Horvath, David"]
[Black "Arvind Ramnath Iyer"]
[Result "1/2-1/2"]
[Annotator "TA"]
[ECO "E70"]
[WhiteElo "2362"]
[BlackElo "1883"]
[PlyCount "57"]
[EventDate "2023.05.25"]
[EventType "tourn"]
[EventCountry "HUN"]
[SourceTitle "playchess.com"]
[Source "ChessBase"]
[SourceQuality "1"]
[TimeControl "5400+30"]

1. d4 Nf6 2. c4 g6 3. Nc3 Bg7 4. e4 d6 5. Nge2 O-O 6. Ng3 e5 7. d5 a5 8. Be2 Na6 9. h4 h5 10. Bg5 Qe8 11. Qd2 Nh7 12. Bh6 {[%emt 0:05:43] E70: King's Indian: Miscellaneous lines with 4 e4, including 5 Nge2 and 5 Bd3 0-0 6 Nge2.} f6 (12... Bxh6 $11 13. Qxh6 Qe7) 13. O-O-O Bd7 14. Be3 {[%emt 0:06:12] [#] White is slightly better.} a4 $146 ({Predecessor:} 14... Nc5 15. f3 a4 16. Nf1 f5 17. Bd3 Nxd3+ 18. Qxd3 f4 19. Bf2 a3 20. b3 Qe7 {½-½ Bozinovic,B (2229)-Zivkovic,N (2144) CRO-chT1A 27th 2018 (1.36)}) 15. a3 b6 16. Nb5 f5 17. exf5 {[%emt 0:05:50] White has more active pieces. The black rooks are badly placed.} Bxf5 ({Black should play} 17... gxf5 18. Bxh5 Qc8) 18. f3 ({Better is} 18. Nxf5 gxf5 19. g3) 18... e4 19. Nxf5 Rxf5 {[%emt 0:00:20] [#]} (19... gxf5 $142 20. Kb1 Rc8) 20. fxe4 (20. g4 $1 $18 {[%cal Rg4f5] is the precise move to win.} hxg4 21. fxg4) 20... Re5 {[%emt 0:00:01] [#]} (20... Rf7 $16) 21. Bd3 (21. Bf3 $1 $18) 21... Nf6 $16 22. Qc2 Ng4 23. Bf4 Re7 24. e5 {[%emt 0:03:00][%mdl 64] Discovered Attack} (24. Qxa4 Nf2 25. Qc2 Nxh1 26. Rxh1 Nb4 $11) 24... Bxe5 25. Bg5 {[%emt 0:00:48][%cal Od3g6] This pair of bishops is nice.} (25. Bxg6 $2 {perishes.} Bxf4+ 26. Kb1 Qf8 $19) 25... Rg7 26. Rhe1 ({Reject} 26. Qxa4 Nf2 27. Rhg1 Nc5 $17) 26... Nc5 27. Kb1 Nxd3 (27... Kh7 $14 {feels stronger.}) 28. Rxd3 (28. Qxd3 $2 {loses.} Nf2 29. Qc2 Nxd1 $19) 28... Qd7 29. Rf3 {[%emt 0:02:24] Blacks defense is rewarded with a draw.   Weighted Error Value: White=0.23 (precise) /Black=0.27 (precise)} (29. Nd4 $16) 1/2-1/2

[Event "SixDays Budapest May IM 2023"]
[Site "Budapest"]
[Date "2023.06.01"]
[Round "9.5"]
[White "Ojas Kulkarni"]
[Black "Dudognon, Thibault"]
[Result "1/2-1/2"]
[Annotator "TA"]
[ECO "D10"]
[WhiteElo "2230"]
[BlackElo "2325"]
[PlyCount "184"]
[EventDate "2023.05.25"]
[EventType "tourn"]
[EventCountry "HUN"]
[SourceTitle "playchess.com"]
[Source "ChessBase"]
[SourceQuality "1"]
[TimeControl "5400+30"]

1. d4 d5 2. c4 c6 3. cxd5 cxd5 4. Bf4 Nc6 5. e3 Nf6 6. Nc3 Bg4 7. Qb3 Na5 8. Qa4+ Bd7 9. Qc2 e6 10. Bd3 Rc8 11. Nf3 b5 12. a3 (12. Bxb5 $2 {is the wrong capture.} Bxb5 13. Nd2 Bb4 $19) 12... Nc4 {[%emt 0:02:18] D14: Slav Defence: Exchange variation with ...Bf5.} 13. O-O Be7 14. h3 O-O {[%emt 0:01:51] White is slightly better.} 15. Rfc1 a5 16. Qe2 Qb6 17. Ne5 Rfd8 18. Nxd7 Nxd7 19. b3 ({Don't play} 19. Qh5 h6 $11) (19. a4 $16) 19... Nxa3 $11 20. Nxb5 Nxb5 21. Bxb5 {[%emt 0:00:15] A strong pair of Bishops.} Nf6 {[%emt 0:01:36] [#]} 22. Bg5 $146 ({Predecessor:} 22. Ba4 Ne4 23. Qb5 Qxb5 24. Bxb5 Nc3 25. Bd3 Bb4 26. Kf1 h6 27. f3 Rc6 28. Bg3 {½-½ Pham,C (2361)-Ton That Nhu,T (2206) VIE-chT Ho Chi Minh City 2013 (3)}) 22... Rc7 23. Rxc7 Qxc7 24. Bxf6 gxf6 25. Qd2 Bb4 26. Rc1 Qb7 27. Qe2 Rc8 28. Rxc8+ Qxc8 {[%emt 0:00:01][%mdl 4096] Endgame KQB-KQB} 29. Qd1 Qc3 30. g3 Kf8 31. Kg2 Ke7 32. Bd3 h6 33. Qc2 Qa1 ({Black should play} 33... Qxc2 $11 34. Bxc2 e5) 34. Bb5 $14 {[%emt 0:03:20] [#] Qc8 is the strong threat.} Qc3 {[%emt 0:07:34] Dodges Qc8} 35. Qxc3 ({Better is} 35. Qh7 $14) 35... Bxc3 {[%emt 0:00:01] KB-KB. The position is equal.} 36. f4 f5 37. Kf3 Be1 38. g4 fxg4+ 39. Kxg4 h5+ 40. Kf3 f6 41. Ke2 Bb4 42. Kf3 Bd2 43. Ke2 Bc1 44. Kf3 Kd6 45. Be8 (45. h4 $5 ) 45... h4 46. Ke2 e5 47. fxe5+ fxe5 48. dxe5+ Kxe5 49. Kd3 Ba3 50. Bf7 Bc5 51. Be8 Ba7 52. Bf7 Bb6 53. Be8 Ke6 54. Bb5 Kd6 55. Be8 Kc5 56. Bf7 Bd8 57. Be6 Bf6 58. Bf7 Kd6 59. Be8 Ke7 60. Bc6 Ke6 61. Be8 Bg7 62. Bb5 Ke7 63. Bc6 Kd6 64. Be8 Bh8 65. Bf7 Kc6 66. Be8+ Kc5 67. Bf7 Bb2 68. Be6 Ba3 69. Bf7 Bb4 70. Be6 Be1 71. Bf7 Bf2 72. Be6 Kd6 73. Bf7 Bg3 74. e4 dxe4+ 75. Kxe4 Kc5 76. Kd3 Kb4 77. Kc2 Be5 78. Be6 $1 Bf6 79. Bf7 Kc5 80. Be6 Kd4 81. Kb1 Kc3 82. Ka2 Be7 83. Bf7 Bb4 84. Be6 Kd4 85. Bg4 Ke5 86. Bc8 Kf4 87. Kb1 Kg3 88. Bg4 Kg2 89. Kb2 Kg3 90. Ka2 Kg2 91. Kb2 Kg3 92. Ka2 Kg2 {Weighted Error Value: White=0.06 (flawless) /Black=0.05 (flawless)} 1/2-1/2